 Dungeon Crawl Stone Soup version 0.28.0-45-g0d030f2227 (webtiles) character file.

Game seed: 15057056538842266628

9109 NinjaNoafa the Fighter (level 11, -1/148 HPs)
             Began as a Hill Orc Fighter on Apr 6, 2022.
             Was an Elder of the Shining One.
             Succumbed to pkoi's ghost's poison
             ... on level 10 of the Dungeon.
             The game lasted 00:34:29 (8669 turns).

NinjaNoafa the Fighter (Hill Orc Fighter)           Turns: 8669, Time: 00:34:30

Health: -1/148     AC: 25    Str: 27      XL:     11   Next: 41%
Magic:  8/15       EV:  2    Int:  7 (8)  God:    the Shining One [****..]
Gold:   815        SH: 15    Dex:  8      Spells: 10/10 levels left

rFire   . . .      SeeInvis .   g - +10 trident "Wosuth" {spect, rC+ Will+ Str+3}
rCold   + . .      Faith    .   c - +0 buckler
rNeg    + + +      Spirit   .   (armour currently unavailable)
rPois   +          Reflect  .   (helmet currently unavailable)
rElec   .          Harm     .   (cloak currently unavailable)
rCorr   +          Rampage  .   (gloves currently unavailable)
Will    .....      NoTele   +   (boots currently unavailable)
Stlth   +.........              (no amulet)
HPRegen 0.34/turn               x - ring of resist corrosion
MPRegen 0.14/turn               t - ring of positive energy

@: lethally poisoned (-1 -> -13), divinely shielded, tree-form, weak-willed,
glowing
A: stationary, stasis, torment immunity, boosted hp, clumsy 1, low MP 1
a: Renounce Religion, Divine Shield, Cleansing Flame


You were on level 10 of the Dungeon.
You worshipped the Shining One.
The Shining One was greatly pleased with you.
You were a tree.
You visited 2 branches of the dungeon, and saw 11 of its levels.
You also visited: Ossuary.

You collected 855 gold pieces.
You spent 40 gold pieces at shops.

Inventory:

Hand Weapons
 g - the +10 trident "Wosuth" (weapon) {spect, rC+ Will+ Str+3}
   (You found it on level 5 of the Dungeon)

   When its wielder attacks, the weapon's spirit leaps out and strikes again.
   The spirit shares a part of any damage it takes with its wielder.
   Str:       It affects your strength (+3).
   rC:        It protects you from cold.
   Will:      It increases your willpower.
 A - a +3 flail of protection
Missiles
 k - 5 javelins
 n - 9 boomerangs
 r - 15 poisoned darts (quivered)
 y - 6 throwing nets
Armour
 c - a +0 buckler (worn)
 s - a +0 pair of gloves (melded)
 w - a +0 chain mail (melded)
 H - a +1 pair of boots (melded)
Jewellery
 h - a ring of flight
 t - a ring of positive energy (right branch)
 x - a ring of resist corrosion (left branch)
Wands
 p - a wand of charming (12)
 v - a wand of iceblast (8)
 z - a wand of paralysis (4)
 L - a wand of digging (2)
 M - a wand of mindburst (9)
 N - a wand of flame (15)
Scrolls
 d - 6 scrolls of teleportation
 i - 3 scrolls of fear
 j - a scroll of silence {unknown}
 l - 2 scrolls of enchant weapon
 m - 3 scrolls of blinking
 o - 3 scrolls of noise
 q - a scroll of vulnerability
 u - a scroll of amnesia {unknown}
 B - 2 scrolls of immolation
 C - 3 scrolls of magic mapping
 G - 2 scrolls of fog {unknown}
 I - a scroll of enchant armour {unknown}
Potions
 b - a potion of lignification
 f - 2 potions of cancellation
 J - 2 potions of brilliance
Miscellaneous
 O - a piece from Xom's chessboard (15/15)


   Skills:
 * Level 9.7 Fighting
 - Level 5.8(9.2) Axes
 * Level 9.3(9.8) Polearms
 * Level 9.1 Armour
 * Level 9.1 Shields
 + Level 8.9 Invocations


You had 10 spell levels left.
You didn't know any spells.
Your spell library contained the following spells:

 Spells                   Type           Power      Damage    Failure   Level
 Sting                    Tmut/Pois      0%         1d3       50%         1
 Ensorcelled Hibernation  Hex/Ice        0%         N/A       65%         2
 Passwall                 Tmut/Erth      0%         N/A       65%         2
 Poisonous Vapours        Pois/Air       0%         N/A       65%         2
 Summon Guardian Golem    Hex/Summ       0%         N/A       86%         3
 Swiftness                Air            0%         N/A       86%         3
 Olgreb's Toxic Radiance  Pois           0%         N/A       99%         4
 Freezing Cloud           Conj/Ice/Air   0%         6-21      100%        5
 Simulacrum               Ice/Necr       0%         N/A       100%        6
 Orb of Destruction       Conj           0%         9d5       100%        7
 Spellforged Servitor     Conj/Summ      0%         N/A       100%        7
 Polar Vortex             Ice            0%         N/A       100%        9


Dungeon Overview and Level Annotations

Branches:
Dungeon (10/15)            Temple (0/1) D:5            Lair (1/6) D:10
Ossuary (visited)
    Orc: D:9-12

Altars:
Cheibriados
Dithmenos
Elyvilon
Vehumet
Wu Jian
Xom
The Shining One

Shops:
D:3 *   D:8 :*

Annotations:
D:10 1 transporter, pkoi's ghost, journeyman DrMo


Innate Abilities, Weirdness & Mutations

You are a tree.
Your roots penetrate the ground, keeping you stationary.
You cannot be teleported.
You are immune to unholy pain and torment.
Your maximum health is greatly increased.
Your equipment is partially melded.
You are clumsy. (Dex -2)
Your magical capacity is low. (-10% MP)


Message History

B - 2 scrolls of immolation You feel sick.
You block the centaur warrior zombie's attack. x2
The centaur warrior zombie hits you but does no damage.
The centaur warrior zombie kicks you.
* * * LOW HITPOINT WARNING * * *
Pkoi's ghost hits you but does no damage.
You are more poisoned.
As you read the scroll of identify, it crumbles to dust.
C - 3 scrolls of magic mapping You feel sick.
The centaur warrior zombie hits you but does no damage.
The centaur warrior zombie kicks you but does no damage.
Pkoi's ghost hits you but does no damage.
You are more poisoned.
Okay, then.
You puncture pkoi's ghost!
Pkoi's ghost is heavily damaged.
* * * LOW HITPOINT WARNING * * *
You feel very sick.
You block the centaur warrior zombie's attack.
The centaur warrior zombie kicks you but does no damage.
Pkoi's ghost hits you but does no damage.
You are lethally poisoned!
You hit pkoi's ghost but do no damage.
Pkoi's ghost is heavily damaged.
* * * LOW HITPOINT WARNING * * *
You feel very sick.
You block the centaur warrior zombie's attack.
The centaur warrior zombie kicks you but does no damage.
You puncture pkoi's ghost!
Pkoi's ghost is severely damaged.
* * * LOW HITPOINT WARNING * * *
You feel very sick. The centaur warrior zombie hits you.
* * * LOW HITPOINT WARNING * * *
The centaur warrior zombie kicks you but does no damage.
You block pkoi's ghost's attack.
Your divine shield is renewed.
You die...

# #..# #...#.. #..# # #..#
#...#?. #..# # #..# #...#..
#..# # #..# #.. #..###..#
..# # #..# #...#...##..##..#
# #..# #...#.......##..#
####..# #......©....##..#
.)....# #.>..#####..##..#
......# #.[.##)W♣##..#..#
#####.# #.. #.###Z##....#
##. .... #≈.≈..Z.##...# ....
#....##8≈..≈...8##..## ....
#...##≈.#.###.#..##..##.....
#..##....##Y#.....##..#.....
#..#.#≈.##..[##..#.#........
#..#.#..#..../#..#.#......<.
#..#.#..##...##..#.#........


You could see a yak, pkoi's ghost (weak-willed) and 2 centaur warrior zombies.

Vanquished Creatures
  Harold (D:7)
  A centaur warrior (D:10)
  2 two-headed ogres
  A tengu warrior (D:10)
  The ghost of terff the Cleaver, a novice HOFi of Okawaru (D:6)
  An ugly thing (D:10)
  Joseph (D:9)
  A centaur simulacrum (D:10)
  3 yaks (D:9)
  Menkaure (D:4)
  3 water moccasins
  Duvessa (D:5)
  3 orc warriors
  2 sky beasts
  A necrophage (D:6)
  4 centaurs
  A bullfrog (D:4)
  3 scorpions
  A water moccasin zombie (D:6)
  Dowan (D:5)
  10 killer bees
  7 wights (D:7)
  3 centaur zombies
  4 hounds
  2 jellies
  A gnoll shaman (D:7)
  6 orc priests
  A bullfrog skeleton (D:6)
  2 centaur skeletons
  11 orc wizards
  6 iguanas
  Natasha (thrice) (D:4)
  A killer bee zombie (D:9)
  A hound zombie (D:5)
  8 mummies (Ossuary)
  A howler monkey zombie (D:9)
  16 gnolls
  9 adders
  A shadow imp (D:5)
  A worm (D:4)
  2 dart slugs (D:2)
  41 orcs
  6 bats (D:2)
  6 endoplasms
  3 giant cockroaches
  3 gnoll zombies (Ossuary)
  6 goblins
  5 hobgoblins
  7 quokkas
  7 ball pythons
  7 frilled lizards
  4 kobolds
  2 kobold zombies (Ossuary)
  3 orc zombies (Ossuary)
  4 rats
233 creatures vanquished.

Notes
Turn   | Place    | Note
-------+----------+-------------------------------------------
     0 | D:1      | NinjaNoafa the Hill Orc Fighter began the quest for the
                  | Orb.
     0 | D:1      | Reached XP level 1. HP: 19/19 MP: 1/1
    75 | D:1      | Found a faded altar of an unknown god.
   292 | D:1      | Reached XP level 2. HP: 25/27 MP: 2/2
   738 | D:2      | Reached XP level 3. HP: 30/33 MP: 3/3
  1471 | D:3      | Reached XP level 4. HP: 38/40 MP: 4/4
  1514 | D:3      | Found Ynuo's General Store.
  1522 | D:3      | Bought a scroll of identify for 20 gold pieces
  1522 | D:3      | Bought a scroll of identify for 20 gold pieces
  1858 | D:3      | Reached XP level 5. HP: 36/47 MP: 5/5
  2049 | D:3      | Found a glowing golden altar of the Shining One.
  2062 | D:3      | Became a worshipper of the Shining One
  2740 | D:4      | Noticed Natasha
  2749 | D:4      | Killed Natasha
  2861 | D:4      | Identified the +11 mace of the Saving Pariah {drain, Fly
                  | rPois Int-2 Stlth+}
  3112 | D:4      | Noticed Natasha
  3122 | D:4      | Killed Natasha
  3342 | D:4      | Reached skill level 5 in Fighting
  3342 | D:4      | Reached XP level 6. HP: 45/56 MP: 6/6
  3536 | D:4      | Noticed Natasha
  3543 | D:4      | Killed Natasha
  3544 | D:4      | Reached skill level 5 in Armour
  3544 | D:4      | Reached skill level 5 in Shields
  3613 | D:4      | Found an ornate altar of the Wu Jian Council.
  3806 | D:4      | Noticed Menkaure
  3811 | D:4      | Gained mutation: Your muscles are strong. (Str +2) [potion
                  | of mutation]
  3817 | D:4      | Killed Menkaure
  3818 | D:4      | Reached XP level 7. HP: 36/61 MP: 7/7
  4186 | D:5      | Entered Level 5 of the Dungeon
  4212 | D:5      | Reached skill level 5 in Axes
  4237 | D:5      | Noticed Duvessa
  4238 | D:5      | Noticed Dowan
  4246 | D:5      | Killed Dowan
  4253 | D:5      | Killed Duvessa
  4365 | D:5      | Reached * piety under the Shining One
  4558 | D:5      | Reached XP level 8. HP: 61/71 MP: 8/8
  4562 | D:5      | Identified the +10 trident "Wosuth" {spect, rC+ Will+
                  | Str+3}
  4602 | D:5      | Found a staircase to the Ecumenical Temple.
  4707 | D:5      | Reached skill level 1 in Invocations
  4821 | D:5      | Reached skill level 1 in Polearms
  5080 | D:6      | Found a large runed translucent door.
  5080 | D:6      | Found a large runed translucent door.
  5082 | D:6      | Noticed terff's ghost (novice HOFi)
  5087 | D:6      | Lost mutation: Your muscles are strong. (Str +2) [potion of
                  | mutation]
  5087 | D:6      | Gained mutation: You have sharp toenails. [potion of
                  | mutation]
  5087 | D:6      | Gained mutation: Your flesh is cold resistant. (rC+)
                  | [potion of mutation]
  5087 | D:6      | Gained mutation: You are clumsy. (Dex -2) [potion of
                  | mutation]
  5220 | D:6      | Found a shadowy altar of Dithmenos.
  5221 | D:6      | Found a snail-covered altar of Cheibriados.
  5222 | D:6      | Found a shimmering altar of Xom.
  5223 | D:6      | Found a white marble altar of Elyvilon.
  5233 | D:6      | Reached skill level 5 in Invocations
  5264 | D:6      | Lost mutation: Your flesh is cold resistant. (rC+) [potion
                  | of mutation]
  5264 | D:6      | Lost mutation: You have sharp toenails. [potion of
                  | mutation]
  5264 | D:6      | Gained mutation: Your magical capacity is low. (-10% MP)
                  | [potion of mutation]
  5323 | D:6      | Found a sand-covered staircase.
  5328 | Ossuary  | Entered an ossuary
  5330 | Ossuary  | Reached ** piety under the Shining One
  5343 | Ossuary  | Reached XP level 9. HP: 78/78 MP: 11/11
  5374 | Ossuary  | Reached skill level 5 in Polearms
  5376 | Ossuary  | Reached *** piety under the Shining One
  5782 | D:6      | Killed terff's ghost
  5883 | D:7      | Found a radiant altar of Vehumet.
  6153 | D:7      | Noticed Harold
  6170 | D:7      | Killed Harold
  6171 | D:7      | Reached XP level 10. HP: 49/88 MP: 12/12
  6635 | D:8      | Reached **** piety under the Shining One
  6746 | D:8      | Found Sukh's Changing Room.
  7016 | D:8      | Found Cymeept's Book Emporium.
  7640 | D:9      | Noticed Joseph
  7650 | D:9      | Killed Joseph
  8144 | D:9      | Noticed a two-headed ogre
  8149 | D:9      | Killed a two-headed ogre
  8230 | D:10     | Entered Level 10 of the Dungeon
  8249 | D:10     | Noticed a centaur warrior
  8258 | D:10     | Killed a centaur warrior
  8259 | D:10     | Reached XP level 11. HP: 44/97 MP: 15/15
  8564 | D:10     | Noticed pkoi's ghost (journeyman DrMo)
  8564 | D:10     | Noticed a two-headed ogre
  8568 | D:10     | Noticed a red ugly thing
  8571 | D:10     | Found a transporter.
  8573 | D:10     | Found a staircase to the Lair.
  8576 | D:10     | Noticed a tengu warrior
  8583 | Lair:1   | Entered Level 1 of the Lair of Beasts
  8583 | Lair:1   | Reached ***** piety under the Shining One
  8583 | Lair:1   | Noticed a five-headed hydra
  8614 | D:10     | Found a transporter.
  8633 | D:10     | Killed a two-headed ogre
  8641 | D:10     | Killed a red ugly thing
  8659 | D:10     | Killed a tengu warrior
  8668 | D:10     | HP: 7/148 [poisoned by pkoi's ghost]
  8668 | D:10     | HP: 2/148 [centaur warrior zombie (5)]
  8669 | D:10     | Succumbed to pkoi's ghost's poison

Illustrated notes

Levels and vault maps discovered:
D:1:      nicolae_arrival_somewhat_less_tricky_arrival, layout_rooms,
          chequers_ecumenical_altar_twisty, minmay_tall_x
D:2:      layout_loops_cross
D:3:      layout_loops_ring, lemuel_doored_altar, serial_shops, shop,
          amcnicky_mini_corridor_feature,
          nicolae_concentric_dashed_squares_mild, minmay_misc_feat_square,
          uniq_crazy_yiuf_cottage
D:4:      layout_cave_pods, nzn_wu_jian_council_hall, uniq_natasha,
          uniq_menkaure
D:5:      layout_rooms, minmay_temple_entry_gardened_gates, uniq_duvessa
D:6:      layout_cave_pools, mainiacjoe_overflow_alcove_3,
          nicolae_ossuary_entry_false_entrances, ebering_ghost_disaster_area
D:7:      layout_rooms, mainiacjoe_overflow_catwalk, uniq_harold
D:8:      layout_basic, serial_shops, shop, nicolae_transmutations_shop
D:9:      layout_roguey, serial_glass, glass_columns_b, glass_columns_a,
          kennysheep_minor_cross, uniq_joseph
D:10:     layout_long_grid, lair_entry_dummy, nzn_ghost_randoct
Lair:1:   layout_roguey, gammafunk_ghost_berserking_beasts, lemuel_old_faithful,
          uniq_nergalle, uniq_urug

Skill      XL: |  1  2  3  4  5  6  7  8  9 10 11 |
---------------+----------------------------------+-----
Fighting       | 4 5 6 8 9 |  9.7
Axes           | 3 4 5 |  5.8
Armour         | 4 5 6 7 8 9 |  9.1
Shields        | 4 5 6 7 8 9 |  9.1
Invocations    | 5 8 |  8.9
Polearms       | 4 7 8 9 |  9.3

Action                   |  1- 3 |  4- 6 |  7- 9 | 10-12 || total
-------------------------+-------+-------+-------+-------++-------
Melee: War axe           |    98 |   124 |    33 |       ||   255
       Trident           |       |       |   108 |   128 ||   236
       Kick              |       |       |     3 |       ||     3
Throw: Javelin           |     5 |       |       |       ||     5
       Dart              |       |       |     3 |     1 ||     4
Invok: Divine Shield     |       |       |       |     2 ||     2
       Cleansing Flame   |       |       |       |     2 ||     2
Evoke: Wand              |       |       |     1 |       ||     1
  Use: Scroll            |       |     4 |     2 |     5 ||    11
       Potion            |       |     5 |    11 |     9 ||    25
Armor: Scale mail        |    53 |    51 |    17 |       ||   121
       Chain mail        |       |       |    28 |    79 ||   107
       Skin              |       |       |       |    13 ||    13
Dodge: Dodged            |    57 |    57 |    52 |    45 ||   211
Block: Buckler           |    32 |    29 |    35 |    46 ||   142
